 Dungeon Crawl Stone Soup version 0.28-a0-852-gbbce81c95b (webtiles) character file.

Game seed: 12310036808194356000

141984 AvatarAndi78 the Executioner (level 16, -7/226 HPs)
             Began as a Minotaur Berserker on Nov 15, 2021.
             Was a High Priest of Trog.
             Mangled by an alligator (13 damage)
             ... on level 4 of the Swamp.
             The game lasted 02:05:15 (26254 turns).

AvatarAndi78 the Executioner (Minotaur Berserker)  Turns: 26254, Time: 02:05:17

Health: -7/226     AC: 31    Str: 25    XL:     16   Next: 79%
Magic:  15/15      EV:  8    Int: 10    God:    Trog [*****.]
Gold:   700        SH:  0    Dex: 14    Spells: 15/15 levels left

rFire   + . .      SeeInvis .   B - +6 executioner's axe (vorpal)
rCold   + . .      Faith    .   (shield currently unavailable)
rNeg    . . .      Spirit   .   O - +4 crystal plate armour of Mutualism {Int+3}
rPois   .          Reflect  .   A - +2 hat
rElec   +          Harm     .   L - scarf {rC+ rF+}
rCorr   +          Rampage  .   N - +1 pair of gloves "Habruosk" {rElec Int+3}
Will    +++..                   d - +2 pair of boots
Stlth   ..........              K - amulet of Faeren {Acrobat Regen+}
HPRegen 2.47/turn               g - ring of resist corrosion
MPRegen 0.14/turn               J - ring of resist corrosion

@: mighty, berserking, strong-willed, regenerating, very quick
A: horns 2, retaliatory headbutt, iridescent scales 1, deformed body,
electricity resistance
a: Renounce Religion, Berserk, Trog's Hand, Brothers in Arms


You were on level 4 of the Swamp.
You worshipped Trog.
Trog was extremely pleased with you.
You visited 4 branches of the dungeon, and saw 26 of its levels.

You collected 2655 gold pieces.
You spent 1955 gold pieces at shops.

Inventory:

Hand Weapons
 p - a +4 glaive
 t - a +3 vampiric battleaxe
 u - a +3 vorpal dire flail
 B - a +6 vorpal executioner's axe (weapon)
 D - a +3 vorpal long sword
 H - a +5 antimagic battleaxe
 R - a +4 vorpal triple sword
Missiles
 f - 3 throwing nets (quivered)
Armour
 d - a +2 pair of boots (worn)
 k - a +2 pair of gloves
 z - the +8 plate armour of Wisdom {Will++ Dex-4}
   (You found it on level 6 of the Dungeon)

   Dex:       It affects your dexterity (-4).
   Will:      It greatly increases your willpower.
 A - a +2 hat (worn)
 E - the +5 plate armour "Monuxt" {rPois}
   (You found it on level 14 of the Dungeon)

   rPois:     It protects you from poison.
 L - a scarf of resistance (worn)
 M - a +1 kite shield of protection
 N - the +1 pair of gloves "Habruosk" (worn) {rElec Int+3}
   (You found it on level 1 of the Orcish Mines)

   Int:       It affects your intelligence (+3).
   rElec:     It insulates you from electricity.
 O - the +4 crystal plate armour of Mutualism (worn) {Int+3}
   (You bought it in a shop on level 2 of the Orcish Mines)

   Int:       It affects your intelligence (+3).
Jewellery
 g - a ring of resist corrosion (left hand)
 j - a ring of ice
 x - a ring of fire
 J - a ring of resist corrosion (right hand)
 K - the amulet of Faeren (around neck) {Acrobat Regen+}
   (You acquired it on level 5 of the Lair of Beasts)

   [amulet of the acrobat]

   It increases your evasion while moving and waiting.
   Regen:     It increases your rate of health regeneration.
 Q - a ring of protection from cold
Wands
 b - a wand of charming (9)
 o - a wand of acid (10)
 s - a wand of iceblast (28)
 w - a wand of flame (67)
 y - a wand of polymorph (7)
 G - a wand of digging (2)
 I - a wand of paralysis (17)
Scrolls
 a - 2 scrolls of fog
 h - 10 scrolls of identify
 i - 16 scrolls of teleportation
 l - 2 scrolls of magic mapping
 n - 2 scrolls of silence
 v - a scroll of blinking
 P - a scroll of enchant armour
Potions
 c - a potion of berserk rage
 e - 15 potions of curing
 q - a potion of magic
 C - 9 potions of ambrosia
Miscellaneous
 m - a piece from Xom's chessboard (15/15)
 r - a lightning rod (2/4)


   Skills:
 + Level 16.0 Fighting
 + Level 11.2 Long Blades
 * Level 22.2(23.7) Axes
 + Level 14.7(20.2) Maces & Flails
 + Level 15.3 Armour
 + Level 5.9 Dodging
 + Level 2.1 Stealth
 + Level 0.2 Shields
 + Level 1.6 Evocations


You had 15 spell levels left.
You didn't know any spells.
Your spell library was empty.

Dungeon Overview and Level Annotations

Branches:
Dungeon (14/15)            Temple (0/1) D:6            Lair (6/6) D:11
  Swamp (4/4) Lair:4        Snake (0/4) Lair:3        Slime (0/5) Lair:5
    Orc (2/2) D:11            Elf (0/3) Orc:2        Vaults (0/5) D:14

Altars:
Dithmenos
Elyvilon
Makhleb
Okawaru
Vehumet
Xom
Beogh
Jiyva

Shops:
D:5 [   D:13 (   Orc:2 (**[


Innate Abilities, Weirdness & Mutations

You have a pair of horns on your head.
You reflexively headbutt those who attack you in melee.
You are partially covered in iridescent scales. (AC +2)
Armour fits poorly on your strangely shaped body.
You are resistant to electric shocks. (rElec)


Message History

As you read the scroll of blinking, it crumbles to dust.
The spriggan rider hits your ogre with a +0 spear!
Your ogre barely misses the spriggan rider.
Okay, then.
You feel very mighty all of a sudden.
The spriggan rider hits your ogre with a +0 spear!!
Your ogre completely misses the spriggan rider.
A swamp worm comes into view.
A red film seems to cover your vision as you go berserk!
You feel yourself moving faster!
You feel mighty!
Your ogre completely misses the spriggan rider.
The spriggan rider hits your ogre with a +0 spear!!
Your ogre dies!
Your ogre's corpse disappears in a puff of smoke!
The alligator closely misses you. You furiously retaliate!
You headbutt the alligator.
The alligator tail-slaps you but does no damage.
You slash the alligator!
The alligator is moderately wounded.
You slice the bog body!! You slice the alligator!!
Your headbutt misses the alligator.
The alligator is severely wounded.
You slice the bog body!!
You destroy the bog body!
Trog accepts your kill.
Trog appreciates your killing of a magic user.
The swamp worm fires a harpoon shot at you.
The harpoon shot hits you but does no damage.
You barely miss the alligator.
The alligator is severely wounded.
You closely miss the vampire mosquito.
The vampire mosquito bites you but does no damage.
You slice the alligator!! Your headbutt misses the alligator.
The alligator is almost dead.
You closely miss the vampire mosquito. You barely miss the alligator.
The vampire mosquito bites you but does no damage.
The alligator bites you!!
* * * LOW HITPOINT WARNING * * *
The alligator tail-slaps you!
You die...

≈.≈♣♣.....≈≈§≈≈
≈.......≈≈≈≈≈≈≈≈
♣≈≈≈≈≈≈≈§.≈≈≈≈≈
≈§≈≈w≈≈≈≈.≈≈≈≈
♣♣.≈§≈≈§≈≈.≈≈♣
.≈≈≈≈≈≈≈.≈§.
..§≈i≈≈≈.♣♣
♣ty≈≈§≈<.≈♣
♣@t.w≈≈.≈♣♣
♣♣♣..≈).♣♣
♣≈.≈...
♣......≈≈
♣[≈≈≈..≈≈≈?
§≈≈≈≈≈≈≈.♣w≈
♣.≈≈≈≈≈≈≈.≈.≈
♣.≈≈≈≈≈§≈≈ ≈≈.


You could see 2 alligators, a spriggan rider, 2 swamp worms and a vampire
mosquito.

Vanquished Creatures
  Rupert (Lair:6)
  A tengu reaver (D:11)
  The ghost of Prsk the Destroyer, a journeyman DgCj (Orc:1)
  An ironbound preserver (D:14)
  A stone giant (D:11)
  A deep elf annihilator (D:11)
  2 dire elephants (Lair:6)
  2 bunyips (Swamp:3)
  An ettin (Orc:2)
  A shambling mangrove (Swamp:1)
  An eleionoma (Swamp:2)
  7 boulder beetles
  2 ghost crabs
  2 alligators
  6 centaur warriors
  A dancing weapon (Orc:1)
  2 death knights (D:12)
  20 hydras
  9 two-headed ogres
  10 death yaks
  5 tengu warriors
  4 orc high priests
  12 spriggans
  The ghost of flestrin the Covert, a novice NaEn (D:7)
  3 spectral death yaks (Lair:6)
  4 goliath frogs (Swamp:1)
  9 spriggan druids
  A spectral anaconda (Lair:6)
  An obsidian statue (Lair:6)
  4 bog bodies
  A wizard (D:14)
  3 swamp dragons
  5 orc knights (Orc:2)
  2 deep elf pyromancers (D:14)
  4 necromancers (Lair:6)
  3 ugly things
  3 manticores
  2 cyclopes
  7 orc sorcerers
  2 will-o-the-wisps
  26 elephants
  A dire elephant zombie (Lair:6)
  A rust devil (D:11)
  Maurice (Orc:2)
  A torpor snail (Lair:3)
  2 gargoyles (D:12)
  4 black mambas
  16 cane toads
  Psyche (D:8)
  2 unseen horrors
  A rime drake (Lair:4)
  3 kobold demonologists
  7 komodo dragons
  2 tengu conjurers
  13 trolls
  8 hornets
  3 tyrant leeches
  A queen bee (Lair:3)
  2 polar bears
  18 blink frogs
  5 slime creatures
  2 wraiths (D:12)
  A shadow (D:11)
  8 wyverns
  30 yaks
  Grum (D:10)
  3 steam dragons
  3 basilisks
  A basilisk (shapeshifter) (D:14)
  2 vampire mosquitoes
  A death yak simulacrum (Lair:6)
  3 nagas (Lair:3)
  12 swamp worms
  3 wargs (Orc:2)
  17 water moccasins
  An acid dragon (D:12)
  32 orc warriors
  5 black bears
  An ice beast (D:5)
  6 ogres
  A necrophage (D:7)
  9 wolves
  4 centaurs
  6 kobold brigands
  6 bullfrogs
  A gnoll sergeant (D:11)
  A wyvern zombie (D:8)
  A water moccasin zombie (D:5)
  4 scorpions
  2 cane toad simulacra (Lair:6)
  A water moccasin skeleton (D:6)
  3 elephant simulacra (Lair:6)
  36 killer bees
  3 howler monkeys
  18 wights
  2 electric eels
  2 hounds
  2 jellies
  A bullfrog skeleton (D:5)
  9 centaur zombies
  A centaur skeleton (D:7)
  23 orc priests
  Jessica (D:2)
  3 iguanas
  Natasha (thrice) (D:4)
  19 orc wizards
  A hell rat (Lair:3)
  A killer bee zombie (D:5)
  2 howler monkey zombies (D:9)
  3 gnolls (D:11)
  6 adders
  A shadow imp (D:7)
  A white imp (D:6)
  2 ufetubi
  An adder skeleton (D:4)
  2 worms
  4 dart slugs (D:2)
  79 orcs
  5 endoplasms
  5 giant cockroaches
  11 goblins
  7 hobgoblins
  6 jackals
  21 kobolds
  A quokka (D:2)
  5 ball pythons
  A bat (D:1)
  5 rats
730 creatures vanquished.

Vanquished Creatures (collateral kills)
  An eleionoma (Swamp:3)
  A shambling mangrove (Swamp:3)
  A hydra (Swamp:2)
  A death knight (D:11)
  A two-headed ogre (D:14)
  3 goliath frogs
  2 swamp dragons (Swamp:3)
  A bog body (Swamp:1)
  A centaur zombie (D:11)
  A wolf spider simulacrum (D:14)
  6 hornets
  A tyrant leech (Swamp:2)
  7 spriggans
  An orc warrior (Orc:1)
  An orc priest (Orc:1)
  A gnoll (D:11)
  An orc (Orc:1)
31 creatures vanquished.

Vanquished Creatures (others)
  4 foxfires
  15 fungi
  23 plants
  23 withered plants (Lair:6)
65 creatures vanquished.

Grand Total: 826 creatures vanquished

Notes
Turn   | Place    | Note
-------+----------+-------------------------------------------
     0 | D:1      | AvatarAndi78 the Minotaur Berserker began the quest for the
                  | Orb.
     0 | D:1      | Reached XP level 1. HP: 19/19 MP: 0/0
   170 | D:1      | Found a faded altar of an unknown god.
   380 | D:1      | Reached XP level 2. HP: 27/27 MP: 1/1
  1043 | D:2      | Reached skill level 4 in Axes
  1104 | D:2      | Reached XP level 3. HP: 33/33 MP: 2/2
  1129 | D:2      | Noticed Jessica
  1135 | D:2      | Killed Jessica
  1136 | D:2      | Reached XP level 4. HP: 13/41 MP: 3/3
  1579 | D:2      | Reached ** piety under Trog
  2346 | D:4      | Identified the +5 chain mail of Zihykh {rPois Dex+3}
  2359 | D:4      | Identified a scroll of acquirement
  2360 | D:4      | Acquired an amulet of regeneration
  2424 | D:4      | Noticed Natasha
  2429 | D:4      | Killed Natasha
  2430 | D:4      | Reached skill level 5 in Axes
  2430 | D:4      | Reached XP level 5. HP: 47/47 MP: 4/4
  2464 | D:4      | Noticed Natasha
  2474 | D:4      | Killed Natasha
  2658 | D:4      | Noticed Natasha
  2662 | D:4      | Killed Natasha
  2681 | D:4      | Noticed a yak
  2681 | D:4      | Noticed a yak
  2681 | D:4      | Noticed a yak
  2695 | D:4      | Killed a yak
  2696 | D:4      | Reached skill level 5 in Fighting
  2696 | D:4      | Reached XP level 6. HP: 56/56 MP: 5/5
  2696 | D:4      | Killed a yak
  2697 | D:4      | Reached skill level 6 in Axes
  2697 | D:4      | Reached skill level 1 in Stealth
  2697 | D:4      | Reached XP level 7. HP: 59/61 MP: 6/6
  2699 | D:4      | Killed a yak
  2791 | D:4      | Reached skill level 5 in Armour
  2930 | D:5      | Entered Level 5 of the Dungeon
  2970 | D:5      | Reached XP level 8. HP: 68/71 MP: 7/7
  2985 | D:5      | Found Iwoud's Armour Emporium.
  3068 | D:5      | Reached skill level 5 in Long Blades
  3417 | D:5      | Reached *** piety under Trog
  3825 | D:6      | Identified the +8 plate armour of Wisdom {Will++ Dex-4}
  3851 | D:6      | Found a staircase to the Ecumenical Temple.
  4424 | D:7      | Found a runed translucent door.
  4428 | D:7      | Noticed flestrin's ghost (novice NaEn)
  4428 | D:7      | Noticed a centaur warrior
  4510 | D:7      | Reached XP level 9. HP: 79/79 MP: 8/8
  4682 | D:7      | Noticed a two-headed ogre
  4690 | D:7      | Killed a two-headed ogre
  4816 | D:7      | Found a shadowy altar of Dithmenos.
  4988 | D:7      | Killed a centaur warrior
  4989 | D:7      | Reached skill level 10 in Long Blades
  4989 | D:7      | Reached skill level 1 in Maces & Flails
  4998 | D:7      | Killed flestrin's ghost
  4999 | D:7      | Reached XP level 10. HP: 90/90 MP: 9/9
  5355 | D:8      | Reached **** piety under Trog
  5359 | D:8      | Reached skill level 5 in Maces & Flails
  5711 | D:8      | Noticed Psyche
  5729 | D:8      | Killed Psyche
  5913 | D:9      | Noticed a two-headed ogre
  5921 | D:9      | Killed a two-headed ogre
  6571 | D:10     | Entered Level 10 of the Dungeon
  6826 | D:10     | Noticed a rust devil
  6831 | D:10     | Noticed a sun demon
  6851 | D:10     | Lost dexterity.
  6853 | D:10     | Noticed an orange demon
  6857 | D:10     | Noticed a rust devil
  6861 | D:10     | HP: 5/136 [ynoxinul[a kobold demonologist] (9)]
  6873 | D:10     | Reached XP level 11. HP: 41/97 MP: 10/10
  6937 | D:10     | Noticed Grum
  6946 | D:10     | Killed Grum
  7081 | D:10     | Reached ***** piety under Trog
 12154 | D:10     | Reached skill level 10 in Armour
 12560 | D:11     | Noticed a boulder beetle
 12560 | D:11     | Noticed an eight-headed hydra
 12623 | D:11     | Reached skill level 10 in Fighting
 12623 | D:11     | Reached skill level 10 in Maces & Flails
 12645 | D:11     | Killed a boulder beetle
 12646 | D:11     | Reached skill level 1 in Evocations
 12670 | D:11     | Killed an eight-headed hydra
 12926 | D:11     | Found a staircase to the Lair.
 12955 | D:11     | Found a staircase to the Orcish Mines.
 13039 | D:11     | Noticed a two-headed ogre
 13046 | D:11     | Killed a two-headed ogre
 13078 | D:11     | Reached skill level 5 in Dodging
 13078 | D:11     | Reached XP level 12. HP: 106/110 MP: 11/11
 13093 | D:11     | Noticed a tengu reaver
 13093 | D:11     | Noticed a deep elf annihilator
 13113 | D:11     | Killed a tengu reaver
 13114 | D:11     | Noticed a stone giant
 13117 | D:11     | Killed a stone giant
 13121 | D:11     | Killed a deep elf annihilator
 13132 | D:11     | Noticed a death knight
 13145 | D:11     | HP: 5/110 [??? (2)]
 13246 | D:11     | Killed a death knight
 13309 | D:11     | Found a burning altar of Makhleb.
 13461 | D:12     | Noticed a two-headed ogre
 13471 | D:12     | Killed a two-headed ogre
 13515 | D:12     | Noticed a boulder beetle
 13529 | D:12     | Killed a boulder beetle
 13593 | D:12     | Noticed a boulder beetle
 13605 | D:12     | Noticed an eight-headed hydra
 13608 | D:12     | Killed an eight-headed hydra
 13615 | D:12     | Killed a boulder beetle
 13652 | D:12     | Noticed a five-headed hydra
 13657 | D:12     | Killed a five-headed hydra
 13662 | D:12     | Noticed a two-headed ogre
 13663 | D:12     | Noticed a death knight
 13677 | D:12     | Killed a death knight
 13681 | D:12     | Noticed a boulder beetle
 13685 | D:12     | Killed a two-headed ogre
 13696 | D:12     | Killed a boulder beetle
 13697 | D:12     | Reached XP level 13. HP: 51/119 MP: 12/12
 13901 | D:12     | Reached skill level 7 in Axes
 14114 | D:12     | Gained mutation: You are partially covered in iridescent
                  | scales. (AC +2) [potion of mutation]
 14114 | D:12     | Gained mutation: Armour fits poorly on your strangely
                  | shaped body. [potion of mutation]
 14114 | D:12     | Gained mutation: You are resistant to electric shocks.
                  | (rElec) [potion of mutation]
 14270 | D:12     | Reached skill level 8 in Axes
 14748 | D:13     | Reached skill level 9 in Axes
 15001 | D:13     | Reached skill level 10 in Axes
 15081 | D:13     | Found Xidot's Antique Weapon Shoppe.
 15337 | D:14     | Found an iron altar of Okawaru.
 15435 | D:14     | Identified the +5 plate armour "Monuxt" {rPois}
 15519 | D:14     | Reached skill level 11 in Axes
 15680 | D:14     | Reached skill level 12 in Axes
 15725 | D:14     | Found a gate to the Vaults.
 15725 | D:14     | Noticed an ironbound preserver
 15741 | D:14     | Killed an ironbound preserver
 15799 | D:14     | Reached XP level 14. HP: 129/129 MP: 13/13
 16066 | Lair:1   | Entered Level 1 of the Lair of Beasts
 16344 | Lair:1   | Received a gift from Trog
 17023 | Lair:2   | Identified the +0 long sword of Articulation {drain, Drain
                  | Str+8 Stlth+}
 17038 | Lair:2   | Reached skill level 13 in Axes
 17303 | Lair:2   | You fall into a shaft and drop 1 floor!
 17736 | Lair:2   | Reached skill level 14 in Axes
 18198 | Lair:3   | Found a staircase to the Snake Pit.
 18631 | Lair:3   | Reached skill level 15 in Axes
 18709 | Lair:3   | Found a shimmering altar of Xom.
 19076 | Lair:4   | Found a white marble altar of Elyvilon.
 19163 | Lair:4   | Found a staircase to the Swamp.
 19910 | Lair:5   | Reached skill level 16 in Axes
 20019 | Lair:5   | Found a viscous altar of Jiyva.
 20019 | Lair:5   | Found a staircase to the Slime Pits.
 20119 | Lair:5   | Acquired the amulet of Faeren {Acrobat Regen+}
 20704 | Lair:6   | Entered Level 6 of the Lair of Beasts
 20767 | Lair:6   | Reached XP level 15. HP: 137/139 MP: 14/14
 20859 | Lair:6   | Noticed Rupert
 20892 | Lair:6   | Reached skill level 17 in Axes
 20894 | Lair:6   | Killed Rupert
 21183 | Lair:6   | Received a gift from Trog
 21184 | Lair:6   | Reached skill level 18 in Axes
 21308 | Lair:6   | Identified the +3 leather armour of Midwinter {+Blink rF-
                  | Int-2 Dex+8}
 21937 | Orc:1    | Entered Level 1 of the Orcish Mines
 21938 | Orc:1    | Found a runed translucent door.
 21938 | Orc:1    | Found a shimmering altar of Xom.
 21938 | Orc:1    | Noticed Prsk's ghost (journeyman DgCj)
 21962 | Orc:1    | Reached skill level 15 in Fighting
 21976 | Orc:1    | Reached skill level 19 in Axes
 21990 | Orc:1    | Killed Prsk's ghost
 21996 | Orc:1    | Identified the +1 pair of gloves "Habruosk" {rElec Int+3}
 22153 | Orc:2    | Entered Level 2 of the Orcish Mines
 22153 | Orc:2    | Noticed Maurice
 22159 | Orc:2    | Killed Maurice
 22346 | Orc:2    | Found a radiant altar of Vehumet.
 22600 | Orc:2    | Found a staircase to the Elven Halls.
 22767 | Orc:2    | Found Otuwkuizeo's Antique Armour Shoppe.
 22773 | Orc:2    | Received a gift from Trog
 22813 | Orc:2    | Reached skill level 20 in Axes
 22828 | Orc:2    | Found Gefodyv's Assorted Antiques.
 22843 | Orc:2    | Found Ninetam's Weapon Shoppe.
 22843 | Orc:2    | Found Ufif Kaycu's General Store.
 22883 | Orc:2    | Bought a bloodstained crystal plate armour for 1955 gold
                  | pieces
 22883 | Orc:2    | Identified the +4 crystal plate armour of Mutualism {Int+3}
                  | (You bought it in a shop on level 2 of the Orcish Mines)
 22948 | Orc:2    | Found an iron altar of Okawaru.
 23562 | Swamp:1  | Entered Level 1 of the Swamp
 23587 | Swamp:1  | Reached XP level 16. HP: 149/149 MP: 15/15
 24441 | Swamp:2  | Reached skill level 21 in Axes
 24533 | Swamp:2  | Reached skill level 15 in Armour
 25243 | Swamp:3  | Reached ****** piety under Trog
 25536 | Swamp:3  | Received a gift from Trog
 25539 | Swamp:3  | Reached skill level 22 in Axes
 26166 | Swamp:4  | Entered Level 4 of the Swamp
 26254 | Swamp:4  | HP: 6/226 [alligator (22)]
 26254 | Swamp:4  | Mangled by an alligator

Illustrated notes

Levels and vault maps discovered:
D:1:      onia_arrival_mini_maze, layout_loops_ring,
          dreamdust_ecumenical_altar_angels_and_demons
D:2:      layout_loops_ring, minmay_diced_spiral, uniq_jessica
D:3:      layout_basic, st_stairs_5
D:4:      layout_loops_ring, uniq_natasha
D:5:      corexii_shack_village, layout_layer_cave, serial_shops, shop
D:6:      layout_rooms, minmay_temple_entry_junction,
          hangedman_decor_clover_reticule, nrook_uturn,
          minmay_fractal_squares_gapless_5
D:7:      layout_cave_pools, grunt_dithmenos_smoke_and_mirrors,
          ebering_ghost_inner_flame
D:8:      layout_gridville, uniq_psyche
D:9:      layout_gridville
D:10:     layout_roguey, special_room [special_room_orc], uniq_grum
D:11:     minmay_glassy_protrusions, layout_cross,
          grunt_lair_entry_orc_guard_hut, minmay_orc_entry_temple_small,
          statue_in_the_mist_lemuel, demons_altar
D:12:     minmay_imperfect_grid, layout_basic, minmay_hedge_maze
D:13:     layout_irregular_city, serial_shops, shop, lemuel_nasty_fountain
D:14:     layout_gridville, skrybe_vaults_entry_preservation, okawaru_trees_2
Lair:1:   layout_gridlike, beast_lair_carwin_7, grunt_megastairs_1,
          infiniplex_staircase_pool_2, lemuel_fruit_fields
Lair:2:   layout_small_grid
Lair:3:   nzn_winding_woodlands_cross [nzn_winding_woodlands_5x15_sawtooth,
          nzn_winding_woodlands_5x15_pathside_ponds,
          nzn_winding_woodlands_5x15_cabin,
          nzn_winding_woodlands_5x15_split_checker,
          nzn_winding_woodlands_15x15_eel_pit], layout_gridlike,
          guppyfry_snake_entry_garden, special_room [special_room_bee],
          basic_altar, st_stairs_13, lemuel_another_geyser
Lair:4:   layout_cellular_growth, swamp_mist_pool, basic_altar,
          lemuel_fruit_tree
Lair:5:   layout_regular_city, slime_altar_1, nicolae_quartered_pool_super
Lair:6:   due_jungle_book, layout_cave_shapes, uniq_rupert
Swamp:1:  layout_basic_swamp, evilmike_swamp_ruin_house_5, swamp_pool1,
          nicolae_swamp_spriggan_camp
Swamp:2:  layout_falls_marsh, serial_swamp_ruin, evilmike_swamp_ruin_house_2,
          hangedman_swamp_ruin_wall, evilmike_swamp_ruin_house_1,
          nicolae_swamp_oxbows
Swamp:3:  layout_basic_swamp, nicolae_swamp_bean_lake, swamp_pool3,
          nicolae_swamp_triple_paths
Swamp:4:  grunt_swamp_rune_castle, layout_basic_swamp, swamp_pool2
Orc:1:    layout_caves, ebering_ghost_xom
Orc:2:    st_orc_elflike, layout_caves, basic_altar, hellmonk_bongcloud_opening,
          david_defended_altar_orc, uniq_maurice

Skill      XL: |  1  2  3  4  5  6  7  8  9 10 11 12 13 14 15 16 |
---------------+-------------------------------------------------+-----
Fighting       | 4 5 6 7 8 9 11 12 13 14 15 16 | 16.0
Axes           | 4 5 6 12 16 20 22 | 22.2
Dodging        | 3 4 5 |  5.9
Armour         | 3 4 5 6 7 9 11 12 13 14 15 | 15.3
Long Blades    | 2 3 4 8 11 | 11.2
Stealth        | 1 2 |  2.1
Maces & Flails | 2 8 11 14 | 14.7
Evocations     | 1 |  1.6
Shields        | |  0.2

Action                   |  1- 3 |  4- 6 |  7- 9 | 10-12 | 13-15 | 16-18 || total
-------------------------+-------+-------+-------+-------+-------+-------++-------
Melee: Hand axe          |    64 |    60 |       |       |       |       ||   124
       Headbutt          |    12 |    20 |    27 |   136 |   222 |    44 ||   461
       Great sword       |       |    25 |   117 |       |       |       ||   142
       Great mace        |       |       |    20 |    86 |       |       ||   106
       Dire flail        |       |       |       |   524 |    59 |    45 ||   628
       Battleaxe         |       |       |       |       |   659 |       ||   659
       Glaive            |       |       |       |       |    66 |       ||    66
       Executioner's axe |       |       |       |       |   289 |   182 ||   471
Invok: Trog's Hand       |       |     1 |     3 |    11 |    15 |    10 ||    40
       Berserk           |       |     1 |     3 |     5 |     4 |     3 ||    16
       Brothers in Arms  |       |       |       |     1 |     2 |     6 ||     9
Evoke: Wand              |       |       |       |     8 |     3 |       ||    11
       Lightning rod     |       |       |       |       |       |     2 ||     2
  Use: Potion            |     2 |       |     9 |     7 |     5 |     6 ||    29
       Scroll            |     3 |     3 |     5 |     7 |     9 |     4 ||    31
 Stab: Distracted        |       |       |       |       |       |     2 ||     2
Armor: Animal skin       |     9 |       |       |       |       |       ||     9
       Ring mail         |    13 |     1 |       |       |       |       ||    14
       Chain mail        |       |    36 |    26 |   159 |    84 |       ||   305
       Plate armour      |       |       |    99 |   349 |   960 |       ||  1408
       Crystal plate arm |       |       |       |       |    19 |   243 ||   262
Dodge: Dodged            |    38 |    36 |    83 |   268 |   609 |   134 ||  1168
Block: Buckler           |       |     3 |       |       |       |       ||     3

Table legend: (Time is in decaauts)
 A = Elapsed time spent in this place.
 B = Non-inter-level travel time spent in this place.
 C = Inter-level travel time spent in this place.
 D = Time resting spent in this place.
 E = Time spent auto-exploring this place.
 F = Levels seen in this place.
 G = Mean time per level.
                   A        B        C        D        E       F      G
               +--------+--------+--------+--------+--------+-----+--------+
         Total |  28929 |  27696 |   1233 |   7414 |  15330 |  26 | 1112.7 |
       Dungeon |  18754 |  18183 |    571 |   7369 |   7969 |  14 | 1339.6 |
          Lair |   5854 |   5484 |    370 |     45 |   4306 |   6 |  975.7 |
         Swamp |   2835 |   2726 |    109 |      0 |   2178 |   4 |  708.8 |
  Orcish Mines |   1485 |   1304 |    181 |      0 |    876 |   2 |  742.5 |
               +--------+--------+--------+--------+--------+-----+--------+

Top non-repeatable levels by time:
     D:9: 8209 daAuts
    D:10: 1270 daAuts
  Lair:3: 1197 daAuts
    D:12: 1138 daAuts
  Lair:6: 1082 daAuts
     D:2: 1016 daAuts
  Lair:4: 1015 daAuts
 Swamp:2: 993 daAuts
 Swamp:3: 964 daAuts
  Lair:1: 936 daAuts
   Orc:2: 901 daAuts
     D:5: 879 daAuts
 Swamp:1: 861 daAuts
     D:1: 834 daAuts
     D:8: 831 daAuts
